 Dungeon Crawl Stone Soup version 0.17.1-1-g73c8601 (webtiles) character file.

60 pedritolo the Ruffian (level 3, -2/28 HPs)
             Began as a Draconian Transmuter on Mar 2, 2017.
             Slain by an orc
             ... wielding a +0 hand axe
              (7 damage)
             ... on level 3 of the Dungeon.
             The game lasted 00:04:00 (2307 turns).

pedritolo the Ruffian (Draconian Transmuter)        Turns: 2307, Time: 00:04:00

Health: -2/28      AC:  7    Str: 13    XL:     3   Next: 80%
Magic:  2/6        EV: 12    Int: 13    God:
Gold:   105        SH:  0    Dex: 11    Spells: 2 memorised, 3 levels left

rFire  . . .     SeeInvis .       - Unarmed
rCold  . . .     Clarity  .     (armour unavailable)
rNeg   . . .     SustAt   .     (no shield)
rPois  .         Gourm    .     d - +1 hat
rElec  .         Spirit   .     e - +0 cloak
rCorr  .         Warding  .     (no gloves)
rMut   .         Stasis   .     (no boots)
MR     .....                    (no amulet)
Stlth  +.........               (no ring)
                                (no ring)

@: not resistant to hostile enchantments, very unstealthy
A: unfitting armour, cold-blooded, AC +5
a: no special abilities


You were on level 3 of the Dungeon.
You were not hungry.

You visited 1 branch of the dungeon, and saw 3 of its levels.

You collected 105 gold pieces.

Inventory:

Missiles
 a - 4 arrows
 k - 6 curare-tipped needles
 o - 11 arrows of flame
 q - 12 poisoned needles
Armour
 d - a +1 hat (worn)
 e - a +0 cloak (worn)
Scrolls
 f - 2 scrolls of blinking {unknown}
 g - 2 scrolls of identify {unknown}
 h - a scroll of immolation {unknown}
 j - 2 scrolls of remove curse {unknown}
 l - a scroll of enchant armour {unknown}
 m - a scroll of teleportation {unknown}
 s - 2 scrolls of magic mapping {unknown}
Potions
 n - a potion of cure mutation {unknown}
 p - a potion of degeneration {unknown}
 u - a potion of agility {unknown}
Books
 b - a book of Changes

   Spells                             Type                      Level
   a - Beastly Appendage              Transmutation                1
   b - Sticks to Snakes               Transmutation                2
   c - Spider Form                    Transmutation/Poison         3
   d - Ice Form                       Ice/Transmutation            4
   e - Blade Hands                    Transmutation                5
Comestibles
 c - a bread ration
 i - a beef jerky
 r - 2 chunks of flesh
 t - a meat ration


   Skills:
 - Level 1.1 Fighting
 - Level 2.0 Dodging
 * Level 3.7 Unarmed Combat
 + Level 2.3 Spellcasting
 * Level 3.0 Transmutations


You had 3 spell levels left.
You knew the following spells:

 Your Spells              Type           Power        Failure   Level  Hunger
a - Beastly Appendage     Trmt           #.....       10%         1    #......
b - Sticks to Snakes      Trmt           #.........   12%         2    ###....


Dungeon Overview and Level Annotations

Branches:
Dungeon (3/15)

Altars:
The Shining One

Annotations:
D:1 1 runed door


Innate Abilities, Weirdness & Mutations

Your plain brown scales are hard (AC +5).
Your body does not fit into most forms of armour.
You are cold-blooded and may be slowed by cold attacks.


Message History

* * * LOW HITPOINT WARNING * * *
You miss the hound.
The hound is almost dead.
The hound closely misses you. The hound bites you.
* * * LOW HITPOINT WARNING * * *
You barely miss the hound.
The hound is almost dead.
The orc hits you with a hand axe.
* * * LOW HITPOINT WARNING * * *
The orc wizard casts a spell.
The orc wizard blinks!
The hound barely misses you.
You barely miss the hound.
The hound is almost dead.
The hound pauses to sniff the ground.
The hound bites you but does no damage. The orc closely misses you.
Unknown command.
You barely miss the hound.
The hound is almost dead.
The hound closely misses you. The orc hits you with a hand axe!
You die...

### ### ..# ##########.. #.#
#........'..
###.#######.########..
#>..h@oo§...o......+..
#.#.#######.#.######.. #.#
#.#.# #.. .... #.# #)#.# #..
..... #.# #.#.# ### .....
#.#######'#+#####
...###+####+#.........).....#
###...........######.........#
..#...........# #.........#


You could see a hound, an orc wizard and 2 orcs.

Vanquished Creatures
  An adder (D:3)
  A worm (D:3)
  A giant gecko (D:2)
  3 orcs (D:3)
  4 bats
  2 giant cockroaches (D:3)
  2 hobgoblins
  2 giant newts
  8 goblins
  2 jackals (D:2)
  5 kobolds
  3 rats
34 creatures vanquished.

Vanquished Creatures (collateral kills)
  A gnoll (D:3)
  An adder (D:2)
  A hobgoblin (D:3)
3 creatures vanquished.

Grand Total: 37 creatures vanquished

Notes
Turn   | Place    | Note
--------------------------------------------------------------
     0 | D:1      | pedritolo the Draconian Transmuter began the quest for the Orb.
     0 | D:1      | Reached XP level 1. HP: 16/16 MP: 3/3
     1 | D:1      | Found a runed door.
   561 | D:2      | Reached XP level 2. HP: 23/23 MP: 3/5
   583 | D:2      | Learned a level 2 spell: Sticks to Snakes
   763 | D:2      | Found a glowing golden altar of the Shining One.
  1230 | D:2      | Reached XP level 3. HP: 19/28 MP: 6/6
  2307 | D:3      | Slain by an orc

Action                   || total
-------------------------++-------
Melee: Unarmed           ||   146
 Cast: Beastly Appendage ||    16
       Sticks to Snakes  ||     8
  Eat: Chunk             ||     5
